 Dungeon Crawl Stone Soup version 0.31.0-11-ge490571c62 (webtiles) character file.

Game seed: 11183169816755606293

172 Firecrotchwizard the Magician (level 5, -10/45 HPs)
             Began as an Oni Fire Elementalist on Jan 27, 2024.
             Killed by divine providence
             ... invoked by an orc priest
              (14 damage)
             ... on level 3 of the Dungeon.
             The game lasted 00:07:10 (2368 turns).

Firecrotchwizard the Magician (OnFE)                Turns: 2368, Time: 00:07:11

Health: -10/45     AC:  3    Str: 12    XL:     5   Next: 53%
Magic:  11/11      EV:  9    Int: 18    God:
Gold:   207        SH:  0    Dex:  9    Spells: 6/12 levels left

rFire   . . .        j - +0 whip (drain)
rCold   . . .        (no shield)
rNeg    . . .        a - +0 robe
rPois   .            e - +0 hat
rElec   .            (no cloak)
rCorr   .            (gloves unavailable)
SInv    .            (boots unavailable)
Will    .....        d - amulet of regeneration
Stlth   +            (no ring)
HPRegen 1.07/turn    (no ring)
MPRegen 0.12/turn

%: no passive effects
@: confused
A: large, unfitting armour, horns 1, tough skin 1, double potion healing,
drunken brawling
a: no special abilities


You were on level 3 of the Dungeon.
You visited 1 branch of the dungeon, and saw 3 of its levels.

You collected 207 gold pieces.

Inventory:

Hand Weapons
 h - a +0 dagger
 j - a +0 whip of draining (weapon)
 p - a +0 giant club
Armour
 a - a +0 robe (worn)
 e - a +0 hat (worn)
Jewellery
 d - an amulet of regeneration (around neck)
 o - an amulet of guardian spirit
Wands
 t - a wand of quicksilver (13)
Scrolls
 f - 6 scrolls of identify {unknown}
 g - 2 scrolls of poison {unknown}
 i - 2 scrolls of immolation {unknown}
 k - a scroll of amnesia {unknown}
 m - 2 scrolls of teleportation {unknown}
 n - 2 scrolls of noise {unknown}
 q - a scroll of fear {unknown}
 u - a scroll of fog {unknown}
Potions
 b - a potion of magic
 c - a potion of ambrosia {unknown}
 l - a potion of brilliance {unknown}
 r - a potion of mutation {unknown}
 s - a potion of heal wounds {unknown}


   Skills:
 - Level 1.7 Dodging
 - Level 1.4 Stealth
 + Level 4.1 Spellcasting
 + Level 2.6 Conjurations
 + Level 3.8 Fire Magic


You had 6 spell levels left.
You knew the following spells:

 Your Spells              Type           Power      Damage    Failure   Level
a - Foxfire               Conj/Fire      60%        2x1d7     3%          1
b - Scorch                Fire           34%        2d6       4%          2
c - Volatile Blastmotes   Fire/Tloc      20%        2d11      21%         3

Your spell library contained the following spells:

 Spells                   Type           Power      Damage    Failure   Level
 Shock                    Conj/Air       32%        1d5       9%          1
 Inner Flame              Hex/Fire       10%        N/A       21%         3
 Flame Wave               Conj/Fire      15%        2d7       36%         4
 Swiftness                Air            3%         N/A       41%         3
 Airstrike                Air            1%         2d(1-17)  82%         4


Dungeon Overview and Level Annotations

Branches:
Dungeon (3/15)

Altars:

Annotations:
D:3 Sigmund


Innate Abilities, Weirdness & Mutations

You are too large for most types of armour.
You have a pair of small horns on your head.
You have tough skin. (AC +1)
You gain doubled healing and magic from potions.
Whenever you drink a healing potion, you attack all around you.


Message History

You hit the orc priest but do no damage.
The orc priest is heavily wounded.
The orc wizard hits you with a +0 dagger.
The orc priest hits you with a +0 dagger.
You closely miss the orc priest.
The orc priest is heavily wounded.
The orc wizard gestures wildly while chanting.
The orc wizard flickers and vanishes!
The orc priest barely misses you.
You barely miss the orc priest.
The orc priest is heavily wounded.
The orc priest hits you but does no damage.
Something hits you.
You barely miss the orc priest.
The orc priest is heavily wounded.
The orc priest calls down the wrath of Beogh upon you.
Pain shoots through your body!
* * * LOW HITPOINT WARNING * * *
Something hits you.
* * * LOW HITPOINT WARNING * * *
You hit the orc priest but do no damage.
Your headbutt misses the orc priest.
The orc priest is heavily wounded.
The orc priest hits you with a +0 dagger.
* * * LOW HITPOINT WARNING * * *
You hear some strange, mumbled words.
You are confused.
You completely miss something.
The orc priest mumbles some strange prayers to Beogh against you.
Beogh smites you!
* * * LOW HITPOINT WARNING * * *
Something hits you but does no damage.
You're too confused to move!
The orc priest hits you with a +0 dagger.
* * * LOW HITPOINT WARNING * * *
Something hits you but does no damage.
Unknown command.
You bump into the rock wall.
The orc priest calls down the wrath of Beogh upon you.
Beogh smites you!
You die...

. #. ...
....
....o####
#o{{o#
#@# #.#
#######
#.#
#......
#)##
#......
#(.#
#......
#.#
##.###
#......
#.# #...#
#......
#.#
#####.#
#......
#[#
#.....##
#......


You could see 2 orc priests and an orc.

Vanquished Creatures
  An ogre (D:2)
  3 adders (D:2)
  5 ribbon worms
  A dart slug (D:3)
  5 ball pythons
  2 endoplasms (D:1)
  A giant cockroach (D:2)
  5 goblins
  5 hobgoblins
  4 jackals
  3 quokkas
  5 bats
  3 frilled lizards
  7 kobolds
  7 rats
57 creatures vanquished.

Vanquished Creatures (others)
  44 foxfires
44 creatures vanquished.

Grand Total: 101 creatures vanquished

Notes
Turn   | Place    | Note
-------+----------+-------------------------------------------
     0 | D:1      | Firecrotchwizard the Oni Fire Elementalist began the quest
                  | for the Orb.
     0 | D:1      | Reached XP level 1. HP: 16/16 MP: 3/3
    59 | D:1      | Reached skill level 1 in Conjurations
   247 | D:1      | Reached XP level 2. HP: 24/24 MP: 0/5
   593 | D:1      | Reached skill level 3 in Spellcasting
   899 | D:2      | Reached XP level 3. HP: 31/31 MP: 7/7
  1231 | D:2      | Reached XP level 4. HP: 39/39 MP: 9/9
  1268 | D:2      | Noticed an ogre
  1302 | D:2      | Killed an ogre
  1303 | D:2      | Reached XP level 5. HP: 29/45 MP: 5/10
  1321 | D:2      | Learned a level 2 spell: Scorch
  1325 | D:2      | Learned a level 3 spell: Volatile Blastmotes
  1384 | D:2      | Reached skill level 4 in Spellcasting
  2175 | D:3      | Noticed Sigmund
  2368 | D:3      | Killed from afar by an orc priest

Illustrated notes

Levels and vault maps discovered:
D:1:      spicycebolla_green_bress_n_ham, layout_loops_cross
D:2:      layout_loops_ring, nicolae_wormholes
D:3:      layout_basic, uniq_sigmund

Skill      XL: |  1  2  3  4  5 |
---------------+----------------+-----
Conjurations   | 1 2 |  2.6
Fire Magic     | 3 |  3.8
Spellcasting   | 3 4 |  4.1
Dodging        | |  1.7
Stealth        | |  1.4

Action                     |  1- 3 |  4- 6 || total
---------------------------+-------+-------++-------
  Melee: Unarmed           |    32 |       ||    32
         Headbutt          |    11 |    21 ||    32
         Dagger            |    17 |       ||    17
         Whip              |    54 |   116 ||   170
         Punch             |       |     1 ||     1
   Cast: Foxfire           |    24 |     6 ||    30
         Scorch            |       |     1 ||     1
   Stab: Sleeping          |     3 |     4 ||     7
 Armour: Robe              |    80 |    85 ||   165
  Dodge: Dodged            |    58 |    60 ||   118
